 Dungeon Crawl Stone Soup version 0.18-a0-1577-gf591c28 (webtiles) character file.

69 HandofTrog the Magician (level 4, -2/35 HPs)
             Began as a Demonspawn Wanderer on Mar 17, 2016.
             Killed from afar by a white imp (6 damage)
             ... with a puff of frost
             ... summoned by Natasha
             ... on level 2 of the Dungeon.
             The game lasted 00:05:20 (1924 turns).

HandofTrog the Magician (Demonspawn Wanderer)       Turns: 1924, Time: 00:05:20

Health: -2/35      AC:  6    Str: 16    XL:     4   Next: 2%
Magic:  8/8        EV:  9    Int: 12    God:
Gold:   77         SH:  0    Dex: 14    Spells: 0 memorised, 9 levels left

rFire  . . .     SeeInvis .     n - +0 whip
rCold  . . .     Gourm    .     h - +0 scale mail
rNeg   . . .     Faith    .     (no shield)
rPois  .         Spirit   .     (no helmet)
rElec  .         Dismiss  .     (no cloak)
rCorr  .         Reflect  .     (no gloves)
SustAt .         Harm     .     (no boots)
MR     .....                    (no amulet)
Stlth  ..........               (no ring)
                                j - +3 ring of strength

@: not resistant to hostile enchantments, extremely unstealthy
A: hooves 1, demonic guardian 1
a: no special abilities


You were on level 2 of the Dungeon.
You were not hungry.

You visited 1 branch of the dungeon, and saw 2 of its levels.

You collected 77 gold pieces.

Inventory:

Hand Weapons
 e - a +0 dagger
 i - a +0 club
 n - a +0 whip (weapon)
Armour
 d - a +0 robe
 h - a +0 scale mail (worn)
Jewellery
 j - a +3 ring of strength (left hand)
Scrolls
 g - 2 scrolls of teleportation {unknown}
 k - a scroll of magic mapping {unknown}
 l - a scroll of amnesia {unknown}
Potions
 b - 3 potions of curing
 f - a potion of invisibility {unknown}
Books
 a - a book of Minor Magic

   Spells                             Type                      Level
   a - Magic Dart                     Conjuration                  1
   b - Blink                          Translocation                2
   c - Call Imp                       Summoning                    2
   d - Repel Missiles                 Charms/Air                   2
   e - Slow                           Hexes                        2
   f - Conjure Flame                  Conjuration/Fire             3
   g - Mephitic Cloud                 Conjuration/Poison/Air       3
 c - the Papyrus of Unholy Secrets

   Spells                             Type                      Level
   a - Animate Skeleton               Necromancy                   1
   b - Regeneration                   Charms/Necromancy            3
Comestibles
 m - a meat ration


   Skills:
 - Level 3.0 Fighting
 - Level 1.0 Maces & Flails
 - Level 1.0 Throwing
 + Level 2.5 Armour
 - Level 1.0 Stealth
 - Level 3.0 Spellcasting
   Level 2.1 Necromancy


You had 9 spell levels left.
You didn't know any spells.

Dungeon Overview and Level Annotations

Branches:
Dungeon (2/15)

Altars:

Annotations:
D:2 Natasha


Innate Abilities, Weirdness & Mutations

You have large cloven feet.
A weak demonic guardian rushes to your aid.


Message History

The white imp hits you but does no damage.
The shadow imp closely misses you.
Your crimson imp closely misses Natasha.
You hit Natasha. Your kick misses Natasha.
Natasha is heavily wounded.
Natasha claws you but does no damage.
Your crimson imp blinks!
The shadow imp gestures at you. Pain shoots through your body!
* * * LOW HITPOINT WARNING * * *
The white imp closely misses you.
You hit Natasha but do no damage. Your kick misses Natasha.
Natasha is heavily wounded.
Natasha closely misses you. The shadow imp gestures at you.
Pain shoots through your body!
* * * LOW HITPOINT WARNING * * *
The white imp gestures at you. The puff of frost hits you!
You die...

#.####.###....#..#... #..
#.##.............#... #..
#.#..............#†.. #...
#.>.................( #....
#........5.......###.
#....##................## .
.........†.................
#..........5...........###>
#......†..@...............
#........5.h...#..........
#.........##.######........
#####.....##.# ##.......
#.....##.# ........
#%........ .....
.......###$ .. .#.....# .


You could see Natasha, a white imp, a shadow imp and a friendly crimson imp.

Vanquished Creatures
  An adder (D:2)
  2 dart slugs
  5 goblins
  4 hobgoblins (D:1)
  4 kobolds
  4 bats
  3 giant newts
  4 rats (D:1)
27 creatures vanquished.

Vanquished Creatures (collateral kills)
  Natasha (twice) (D:2)
  A worm (D:2)
3 creatures vanquished.

Grand Total: 30 creatures vanquished

Notes
Turn   | Place    | Note
--------------------------------------------------------------
     0 | D:1      | HandofTrog the Demonspawn Wanderer began the quest for the Orb.
     0 | D:1      | HandofTrog set off with: a book of Minor Magic, a potion of curing, the Papyrus of Unholy Secrets, a +0 robe, a +0 dagger, a bread ration
     0 | D:1      | Reached XP level 1. HP: 16/16 MP: 4/4
     0 | D:1      | Identified the Papyrus of Unholy Secrets
   521 | D:1      | Gained mutation: A weak demonic guardian rushes to your aid. [demonic ancestry]
   521 | D:1      | Reached XP level 2. HP: 21/23 MP: 6/6
  1520 | D:2      | Reached skill level 1 in Armour
  1520 | D:2      | Reached XP level 3. HP: 27/29 MP: 7/7
  1538 | D:2      | Noticed Natasha
  1851 | D:2      | Killed Natasha
  1900 | D:2      | Noticed Natasha
  1908 | D:2      | Killed Natasha
  1908 | D:2      | Gained mutation: You have large cloven feet. [demonic ancestry]
  1908 | D:2      | Reached XP level 4. HP: 15/35 MP: 8/8
  1917 | D:2      | Noticed Natasha
  1924 | D:2      | Killed from afar by a white imp

Vault maps used:
D:1:      ncdulo_smallfort
D:2:      forest_paths, uniq_natasha, uniq_iyjb

Skill      XL: |  1  2  3 |
---------------+----------+-----
Fighting       | 3 |  3.0
Armour         | 1 2 |  2.5
Maces & Flails | |  1.0
Throwing       | |  1.0
Stealth        | |  1.0
Spellcasting   | |  3.0
Necromancy     | |  2.1

Action                   |  1- 3 |  4- 6 || total
-------------------------+-------+-------++-------
Melee: Dagger            |    36 |       ||    36
       Club              |   111 |       ||   111
       Whip              |     9 |     5 ||    14
  Eat: Chunk             |     1 |       ||     1
       Bread ration      |     1 |       ||     1
